 Dungeon Crawl Stone Soup version 0.28-a0-851-g8b9cc49659 (webtiles) character file.

Game seed: 833182235100614363

5814 vurker the Zephyrmancer (level 10, -7/61 HPs)
             Began as a Tengu Air Elementalist on Nov 14, 2021.
             Shot with an arrow by a centaur warrior (14 damage)
             ... on level 8 of the Dungeon.
             The game lasted 00:11:59 (11687 turns).

vurker the Zephyrmancer (Tengu Air Elementalist)   Turns: 11687, Time: 00:12:00

Health: -7/61      AC:  7    Str:  9    XL:     10   Next: 79%
Magic:  16/24      EV: 14    Int: 19    God:
Gold:   1474       SH:  0    Dex: 14    Spells: 22/27 levels left

rFire   . . .      SeeInvis .   j - +2 dagger (venom)
rCold   . . .      Faith    .   (no shield)
rNeg    . . .      Spirit   .   q - +2 leather armour {Will+}
rPois   .          Reflect  .   (helmet restricted)
rElec   .          Harm     .   y - +0 cloak
rCorr   +          Rampage  .   l - +0 pair of gloves
Will    ++...                   (boots unavailable)
Stlth   ++........              u - amulet of regeneration
HPRegen 1.20/turn               h - ring of resist corrosion
MPRegen 0.19/turn               A - ring of willpower

@: flying quickly and evasively, quick
A: beak, talons 3, nimble flight
a: no special abilities


You were on level 8 of the Dungeon.
You visited 2 branches of the dungeon, and saw 9 of its levels.

You collected 1474 gold pieces.

Inventory:

Hand Weapons
 j - a +2 dagger of venom (weapon)
   (You took it off a goblin on level 1 of the Dungeon)
Armour
 l - a +0 pair of gloves (worn)
   (You found it on level 2 of the Dungeon)
 q - a +2 leather armour of willpower (worn)
   (You found it on level 6 of the Dungeon)
 y - a +0 cloak (worn)
   (You found it on level 5 of the Dungeon)
 E - a +1 robe of resistance
   (You took it off a wight on level 7 of the Dungeon)
Magical Staves
 a - a staff of earth
   (You found it on level 6 of the Dungeon)
Jewellery
 h - a ring of resist corrosion (left hand)
   (You found it on level 1 of the Dungeon)
 u - an amulet of regeneration (around neck)
   (You found it on level 3 of the Dungeon)
 A - a ring of willpower (right hand)
   (You found it on level 5 of the Dungeon)
Wands
 d - a wand of iceblast (13)
   (You found it on level 4 of the Dungeon)
 r - a wand of mindburst (13)
   (You found it on level 3 of the Dungeon)
 t - a wand of flame (16)
   (You took it off Pikel on level 7 of the Dungeon)
Scrolls
 e - 2 scrolls of enchant weapon
 f - a scroll of fog
 g - a scroll of immolation {unknown}
 m - 2 scrolls of magic mapping {unknown}
 p - 2 scrolls of amnesia {unknown}
 s - 2 scrolls of teleportation
 B - a scroll of summoning
Potions
 b - a potion of might {unknown}
 c - 2 potions of heal wounds {unknown}
 i - 3 potions of brilliance
 k - a potion of haste {unknown}
 n - 2 potions of cancellation {unknown}
 o - a potion of invisibility {unknown}
 v - a potion of mutation {unknown}
 w - 5 potions of flight {unknown}
 x - 2 potions of berserk rage {unknown}
 z - 2 potions of curing {unknown}
 C - a potion of lignification {unknown}
 D - a potion of degeneration {unknown}


   Skills:
 + Level 6.7 Fighting
 - Level 2.1 Dodging
 - Level 2.0 Stealth
 * Level 9.2 Spellcasting
 - Level 5.0 Conjurations
 * Level 13.2 Air Magic


You had 22 spell levels left.
You knew the following spells:

 Your Spells              Type           Power      Damage    Failure   Level
a - Shock                 Conj/Air       100%       1d9       1%          1
c - Airstrike             Air            28%        N/A       1%          4

Your spell library contained the following spells:

 Spells                   Type           Power      Damage    Failure   Level
 Static Discharge         Conj/Air       43%        N/A       1%          2
 Swiftness                Air            56%        N/A       1%          3
 Apportation              Tloc           16%        N/A       12%         1
 Slow                     Hex            32%        N/A       12%         1
 Ensorcelled Hibernation  Hex/Ice        16%        N/A       17%         2
 Confusing Touch          Hex            8%         N/A       34%         3
 Tukima's Dance           Hex            8%         N/A       34%         3
 Vampiric Draining        Necr           8%         2d6       34%         3
 Animate Armour           Summ/Erth      16%        N/A       75%         4
 Alistair's Intoxication  Tmut/Pois      5%         N/A       97%         5
 Blade Hands              Tmut           4%         N/A       97%         5
 Iron Shot                Conj/Erth      9%         9d3       99%         6


Dungeon Overview and Level Annotations

Branches:
Dungeon (8/15)             Temple (1/1) D:4
   Lair: D:8-11

Altars:
Ashenzari
Dithmenos
Elyvilon
Gozag
Hepliaklqana
Kikubaaqudgha
Makhleb
Nemelex Xobeh
Okawaru
Qazlal
Ru
Sif Muna
Trog
Uskayaw
Wu Jian
Xom
Yredelemnul
Zin
The Shining One

Shops:
D:3 (   D:5 *   D:7 *


Innate Abilities, Weirdness & Mutations

You have a beak for a mouth.
You have claws for feet.
Your magical nature lets you fly swiftly and evasively.


Message History

The air twists around and strikes the tengu conjurer!
You kill the tengu conjurer!
Your Air Magic skill increases to level 13!
A necrophage is nearby!
Your magical contamination has completely faded away.
Things that are here:
a +0 dagger; a +0 leather armour A manticore comes into view.
A necrophage is nearby!
A necrophage is nearby!
Aim: a necrophage (empty space bonus: 3/8)
The air twists around and strikes the necrophage!
Aim: a necrophage (moderately damaged, empty space bonus: 3/8)
The air twists around and strikes the necrophage!
Aim: a necrophage (severely damaged, empty space bonus: 2/8)
The air twists around and strikes the necrophage!
You destroy the necrophage!
A manticore is nearby!
There is a stone staircase leading up here.
There is a stone staircase leading down here.
A slime creature comes into view.
Aim: a slime creature (asleep, empty space bonus: 5/8)
The air twists around and strikes the slime creature!!
The slime creature quivers.
You can't see any susceptible monsters within range! (Use Z to cast anyway.)
You can't see any susceptible monsters within range! (Use Z to cast anyway.)
A slime creature is nearby!
Aim: a slime creature (moderately wounded, empty space bonus: 5/8)
The air twists around and strikes the slime creature!
Aim: a slime creature (heavily wounded, empty space bonus: 7/8)
The air twists around and strikes the slime creature!
Aim: a slime creature (severely wounded, empty space bonus: 3/8)
The air twists around and strikes the slime creature!
Aim: a slime creature (almost dead, empty space bonus: 3/8)
The air twists around and strikes the slime creature!
You kill the slime creature!
A centaur warrior comes into view.
The centaur warrior shouts!
The centaur warrior wields a +0 longbow.
The centaur warrior shoots an arrow.
The arrow hits you!!
Aim: a centaur warrior, wielding a +0 longbow and quivering arrows (empty space bonus: 2/8)
The air twists around and strikes the centaur warrior!
The centaur warrior shoots an arrow.
The arrow hits you!!
* * * LOW HITPOINT WARNING * * *
Aim: a centaur warrior, wielding a +0 longbow and quivering arrows (moderately wounded, empty space bonus: 2/8)
The air twists around and strikes the centaur warrior!
The centaur warrior shoots an arrow.
The arrow hits you!
* * * LOW HITPOINT WARNING * * *
The centaur warrior shoots an arrow.
The arrow hits you!
You die...

..)......##..#
.........##..# c......
####.######..#. .#....#
## .# #.... ......#
.###.# ##.... ......#
#.#.. ........##.....
.##.####.###........
###.#........#....######
.##### # #.#.##.#
#....@....... . ......
#.#.##.# #####.###..##
#..###.. #....#.### #.#
.......# #........# #.#
#.. ##...#.#.# #.# ##>
##.#.#..# #.# #.
#..###.## #.# #. ##.##
##.####.# #. #.##
##.>...# #.


You could see a centaur warrior.

Vanquished Creatures
  A two-headed ogre (D:8)
  Pikel (D:7)
  A deep elf pyromancer (D:8)
  A tengu conjurer (D:8)
  A troll (D:8)
  A slime creature (D:8)
  An acid dragon (D:8)
  Duvessa (D:7)
  2 water moccasins
  3 sky beasts
  3 orc warriors
  4 black bears
  4 necrophages
  3 ogres
  A centaur (D:7)
  A phantom (D:3)
  A lemure (D:7)
  A kobold brigand (D:8)
  A scorpion (D:5)
  Dowan (D:7)
  2 water moccasin skeletons
  A water moccasin zombie (D:6)
  5 wights (D:7)
  3 killer bees
  A bullfrog zombie (D:6)
  A centaur zombie (D:4)
  5 hounds
  An orc priest (D:5)
  4 centaur skeletons
  5 iguanas
  A scorpion zombie (D:5)
  Terence (D:3)
  10 orc wizards
  4 gnolls (D:5)
  2 adders
  2 white imps
  2 ufetubi
  An adder zombie (D:5)
  An adder skeleton (D:4)
  A worm (D:4)
  2 dart slugs
  20 orcs
  3 bats
  6 endoplasms
  8 giant cockroaches
  8 goblins
  3 hobgoblins
  2 jackals (D:3)
  6 kobolds
  4 quokkas
  2 ball pythons
  6 rats
156 creatures vanquished.

Notes
Turn   | Place    | Note
-------+----------+-------------------------------------------
     0 | D:1      | vurker the Tengu Air Elementalist began the quest for the
                  | Orb.
     0 | D:1      | Reached XP level 1. HP: 10/10 MP: 4/4
   156 | D:1      | Reached XP level 2. HP: 13/16 MP: 0/6
  1408 | D:2      | Reached XP level 3. HP: 20/20 MP: 1/7
  1507 | D:2      | Found a faded altar of an unknown god.
  1863 | D:2      | Reached skill level 1 in Fighting
  2150 | D:3      | Found Fianuh's Antique Weapon Emporium.
  2205 | D:3      | Reached XP level 4. HP: 9/25 MP: 0/9
  2424 | D:3      | Reached skill level 5 in Air Magic
  2469 | D:3      | Noticed a phantom
  2490 | D:3      | Killed a phantom
  2491 | D:3      | Gained mutation: Your magical nature lets you fly swiftly
                  | and evasively. [Tengu growth]
  2491 | D:3      | Reached XP level 5. HP: 16/30 MP: 3/10
  3271 | D:3      | Noticed Terence
  3275 | D:3      | Killed Terence
  3781 | D:4      | Reached skill level 6 in Air Magic
  3781 | D:4      | Reached XP level 6. HP: 25/35 MP: 7/12
  3915 | D:4      | Found a staircase to the Ecumenical Temple.
  4067 | Temple   | Entered the Ecumenical Temple
  4674 | D:4      | Noticed a black bear
  4686 | D:4      | Killed a black bear
  4687 | D:4      | Reached XP level 7. HP: 37/40 MP: 6/14
  4833 | D:4      | Reached skill level 7 in Air Magic
  5544 | D:5      | Entered Level 5 of the Dungeon
  5778 | D:4      | Learned a level 4 spell: Airstrike
  5784 | D:5      | Reached skill level 5 in Spellcasting
  5784 | D:5      | Reached XP level 8. HP: 28/46 MP: 3/16
  5889 | D:5      | Reached skill level 8 in Air Magic
  6012 | D:5      | Reached skill level 5 in Conjurations
  6233 | D:5      | Found Maulut's Assorted Antiques.
  6750 | D:5      | Reached skill level 9 in Air Magic
  7036 | D:6      | Identified a scroll of acquirement
  7036 | D:6      | Acquired 980 gold pieces
  7083 | D:6      | Reached XP level 9. HP: 52/52 MP: 1/19
  7646 | D:6      | Reached skill level 10 in Air Magic
  7813 | D:6      | Found a white marble altar of Elyvilon.
  7874 | D:6      | Found a basalt altar of Yredelemnul.
  8164 | D:6      | Found an iron altar of Okawaru.
  8168 | D:6      | Found a shimmering blue altar of Sif Muna.
  8173 | D:6      | Found a sparkling altar of Nemelex Xobeh.
  8796 | D:7      | Noticed Duvessa
  8797 | D:7      | Noticed Dowan
  8801 | D:7      | Killed Duvessa
  8802 | D:7      | Reached skill level 5 in Fighting
  8924 | D:7      | Killed Dowan
  9230 | D:7      | Reached skill level 11 in Air Magic
  9348 | D:7      | Found Ummehef's Assorted Antiques.
  9739 | D:7      | Noticed Pikel
  9748 | D:7      | Killed Pikel
  9749 | D:7      | Reached XP level 10. HP: 57/60 MP: 2/23
 10355 | D:8      | Reached skill level 12 in Air Magic
 10844 | D:8      | Noticed a two-headed ogre
 10849 | D:8      | Killed a two-headed ogre
 11343 | D:8      | Noticed a deep elf pyromancer
 11346 | D:8      | Killed a deep elf pyromancer
 11351 | D:8      | Reached skill level 13 in Air Magic
 11383 | D:8      | Noticed a manticore
 11685 | D:8      | Noticed a centaur warrior
 11687 | D:8      | Shot with an arrow by a centaur warrior

Illustrated notes

Levels and vault maps discovered:
D:1:      dpeg_arrival_prison, layout_basic
D:2:      layout_basic, hellmonk_ecumenical_altar_arch_garden,
          kennysheep_generic_room_14
D:3:      layout_basic, serial_shops, shop, serial_bayou_crossing, uniq_terence
D:4:      layout_loops_corners, minmay_temple_entry_poolview,
          minmay_misc_feat_roman
D:5:      layout_cave_pools, serial_shops, shop, st_stairs_8, grunt_ministairs_2
D:6:      layout_cave_pods, kennysheep_ying_yang, grunt_temple_overflow_diamond,
          serial_column_ruins, column_ruins_grid_3, column_ruins_open_small,
          column_ruins_corridor_straight, column_ruins_open_tiny,
          column_ruins_columns_corner, column_ruins_grid_1
D:7:      layout_rooms, serial_shops, nicolae_shop_crystal, uniq_duvessa,
          uniq_pikel
D:8:      minmay_cut_squares, layout_loops_ring, minmay_misc_feat_nine_boxes
Temple:   eino_temple_water

Skill      XL: |  1  2  3  4  5  6  7  8  9 10 |
---------------+-------------------------------+-----
Conjurations   | 2 3 4 5 |  5.0
Fighting       | 1 2 3 4 5 6 |  6.7
Air Magic      | 5 6 7 9 11 13 | 13.2
Spellcasting   | 3 4 5 6 8 9 |  9.2
Dodging        | |  2.1
Stealth        | |  2.0

Action                   |  1- 3 |  4- 6 |  7- 9 | 10-12 || total
-------------------------+-------+-------+-------+-------++-------
Melee: Unarmed           |     6 |       |       |       ||     6
       Kick              |     2 |     4 |     9 |     3 ||    18
       Dagger            |     4 |    10 |    29 |    14 ||    57
       Peck              |     1 |     2 |     6 |     4 ||    13
 Cast: Shock             |    64 |    68 |    82 |    21 ||   235
       Airstrike         |       |       |    89 |    51 ||   140
Evoke: Wand              |       |       |     6 |       ||     6
  Use: Scroll            |       |       |    10 |       ||    10
Armor: Robe              |       |     6 |     9 |       ||    15
       Leather armour    |       |       |    11 |     2 ||    13
Dodge: Dodged            |     5 |    22 |    47 |    19 ||    93

Table legend: (Time is in decaauts)
 A = Elapsed time spent in this place.
 B = Non-inter-level travel time spent in this place.
 C = Inter-level travel time spent in this place.
 D = Time resting spent in this place.
 E = Time spent auto-exploring this place.
 F = Levels seen in this place.
 G = Mean time per level.
                   A        B        C        D        E       F      G
               +--------+--------+--------+--------+--------+-----+--------+
         Total |  11249 |  10855 |    394 |    909 |   8713 |   9 | 1249.9 |
       Dungeon |  10842 |  10473 |    369 |    909 |   8343 |   8 | 1355.2 |
        Temple |    407 |    382 |     25 |      0 |    370 |   1 |  407.0 |
               +--------+--------+--------+--------+--------+-----+--------+

Top non-repeatable levels by time:
     D:6: 2228 daAuts
     D:4: 1591 daAuts
     D:3: 1485 daAuts
     D:1: 1346 daAuts
     D:8: 1163 daAuts
     D:7: 1156 daAuts
     D:5: 1113 daAuts
     D:2: 757 daAuts
  Temple: 407 daAuts
